 Dungeon Crawl Stone Soup version 0.31.0-12-g77e489cdc1 (webtiles) character file.

Game seed: 15079745987418942294

59664 ColdPorridge the Carver (level 14, 0/110 HPs)
             Began as a Human Wanderer on Feb 20, 2024.
             Was the Champion of the Shining One.
             Slain by a black mamba (10 damage)
             ... on level 2 of the Lair of Beasts on Feb 21, 2024.
             The game lasted 02:15:26 (18915 turns).

ColdPorridge the Carver (Human Wanderer)           Turns: 18915, Time: 02:15:26

Health: 0/110      AC: 30    Str: 15    XL:     14   Next: 96%
Magic:  18/18      EV: 14    Int: 11    God:    the Shining One [******]
Gold:   669        SH:  6    Dex: 19    Spells: 9/13 levels left

rFire   + + .        K - +2 long sword (flame)
rCold   . . .        c - +0 buckler
rNeg    + + +        Z - +0 fire dragon scales
rPois   +            w - +2 helmet
rElec   .            M - +2 cloak "Qikukh" {rF+}
rCorr   .            i - +1 pair of gloves
SInv    .            u - +2 pair of boots {Stlth+}
Will    +....        l - amulet "Yxeox" {RegenMP rPois Str+2 Stlth+}
Stlth   +            g - ring of ice
HPRegen 0.38/turn    o - +4 ring of protection
MPRegen 0.56/turn

%: no passive effects
@: mighty, glowing
A: explore regen, iridescent scales 1, low MP 1, MP-powered wands
a: Renounce Religion, Divine Shield, Cleansing Flame, Summon Divine Warrior,
Brand Weapon With Holy Wrath


You were on level 2 of the Lair of Beasts.
You worshipped the Shining One.
The Shining One was exalted by your worship.
You visited 4 branches of the dungeon, and saw 22 of its levels.
You also visited: Ossuary and Gauntlet.

You collected 1302 gold pieces.
You spent 633 gold pieces at shops.

Inventory:

Hand Weapons
 K - a +2 long sword of flaming (weapon)
 R - a +4 scimitar of freezing
 U - a +6 short sword
Missiles
 h - 170 stones
 j - 3 throwing nets
 t - 23 poisoned darts
 y - 6 curare-tipped darts
 D - 19 javelins
 G - 6 atropa-tipped darts
Armour
 c - a +0 buckler (worn)
 i - a +1 pair of gloves (worn)
 u - a +2 pair of boots of stealth (worn)
 w - a +2 helmet (worn)
 M - the +2 cloak "Qikukh" (worn) {rF+}
   (You bought it in a shop on level 11 of the Dungeon)

   rF+:       It protects you from fire.
 Z - +0 fire dragon scales (worn)
Magical Staves
 Q - the staff of Causality {rElec rF+ Int+2 Stlth+ Hexes Fire}
   (You found it on level 9 of the Dungeon)

   [staff of fire]

   Base accuracy: +5 Base damage: 5 Base attack delay: 1.2 This weapon's minimum
   attack delay (0.6) is reached at skill level 12.
   Int+2:     It affects your intelligence (+2).
   rF+:       It protects you from fire.
   rElec:     It insulates you from electricity.
   Stlth+:    It makes you more stealthy.
   Hexes:     It increases the power of your Hexes spells.
   Fire:      It increases the power of your Fire spells.
   It falls into the 'Staves' category.
   It is a one-handed weapon.
 T - a staff of alchemy
Jewellery
 f - a ring of magical power
 g - a ring of ice (left hand)
 l - the amulet "Yxeox" (around neck) {RegenMP rPois Str+2 Stlth+}
   (You found it on level 13 of the Dungeon)

   [amulet of magic regeneration]

   RegenMP:   It increases your rate of magic regeneration.
   Str+2:     It affects your strength (+2).
   rPois:     It protects you from poison Stlth+: It makes you more stealthy.
 o - a +4 ring of protection (right hand)
 F - an amulet of the acrobat
 S - a ring of protection from cold
Wands
 x - a wand of flame (40) (quivered)
 J - a wand of digging (8)
Scrolls
 a - 2 scrolls of butterflies
 r - 2 scrolls of revelation
 s - 2 scrolls of brand weapon
 v - a scroll of fear
 z - 4 scrolls of immolation
 A - 5 scrolls of fog
 B - 2 scrolls of poison
 C - 4 scrolls of vulnerability
 L - 5 scrolls of teleportation
 P - 3 scrolls of enchant weapon
 V - 8 scrolls of identify
 Y - 3 scrolls of amnesia
Potions
 b - 2 potions of might
 d - 2 potions of cancellation
 e - a potion of attraction
 k - 3 potions of haste
 m - 3 potions of brilliance
 n - a potion of ambrosia
 p - 10 potions of mutation
 H - 5 potions of curing
 I - a potion of lignification
 N - 3 potions of resistance
 O - a potion of magic
Miscellaneous
 q - a phial of floods
 E - a sack of spiders
 W - a phantom mirror


   Skills:
 - Level 10.1 Fighting
 - Level 14.2 Long Blades
 - Level 1.0 Polearms
 - Level 10.1 Armour
 - Level 10.4 Dodging
 - Level 1.0 Stealth
 + Level 5.8 Shields
 - Level 4.0 Summonings
 - Level 5.5 Ice Magic
 + Level 8.5 Invocations
 - Level 7.0 Evocations


You had 9 spell levels left.
You knew the following spells:

 Your Spells              Type           Power      Damage    Failure   Level
a - Summon Small Mammal   Summ           32%        N/A       32%         1
b - Frozen Ramparts       Ice            36%        1d6       47%         3

Your spell library contained the following spells:

 Spells                   Type           Power      Damage    Failure   Level
 Freeze                   Ice            72%        1d8       19%         1
 Apportation              Tloc           0%         N/A       86%         1
 Foxfire                  Conj/Fire      0%         2x1d4     86%         1
 Necrotise                Necr           0%         1d4       86%         1
 Sting                    Conj/Alch      0%         1d3       86%         1
 Hailstorm                Conj/Ice       9%         3d6       86%         3
 Stone Arrow              Conj/Erth      0%         3d7       99%         3
 Tukima's Dance           Hex            0%         N/A       99%         3
 Volatile Blastmotes      Fire/Tloc      0%         2d10      99%         3
 Anguish                  Hex/Necr       0%         N/A       100%        4
 Animate Armour           Summ/Erth      8%         N/A       100%        4
 Brom's Barrelling Bould  Conj/Erth      0%         2d3       100%        4
 Cause Fear               Hex            0%         N/A       100%        4
 Dimensional Bullseye     Hex/Tloc       0%         N/A       100%        4
 Fulminant Prism          Conj/Alch      0%         3d5       100%        4
 Iskenderun's Mystic Bla  Conj/Tloc      0%         2d3       100%        4
 Leda's Liquefaction      Alch/Erth      0%         N/A       100%        4
 Passage of Golubria      Tloc           0%         N/A       100%        4
 Petrify                  Alch/Erth      0%         N/A       100%        4
 Fireball                 Conj/Fire      0%         3d3       100%        5
 Iskenderun's Battlesphe  Conj           0%         2d6       100%        5
 Lee's Rapid Deconstruct  Erth           0%         3d4*      100%        5
 Metabolic Englaciation   Hex/Ice        4%         N/A       100%        5
 Yara's Violent Unravell  Hex/Alch       0%         3d3       100%        5
 Bombard                  Conj/Erth      0%         9d1       100%        6
 Conjure Ball Lightning   Conj/Air       0%         3x3d6     100%        6
 Plasma Beam              Fire/Air       0%         2x1d10    100%        6
 Starburst                Conj/Fire      0%         6d3       100%        6
 Enfeeble                 Hex            0%         N/A       100%        7
 Orb of Destruction       Conj           0%         9d5       100%        7
 Lehudib's Crystal Spear  Conj/Erth      0%         10d2      100%        8


Dungeon Overview and Level Annotations

Branches:
Dungeon (15/15)            Temple (1/1) D:4            Lair (5/5) D:8
 Shoals (0/4) Lair:2        Snake (1/4) Lair:2        Slime (0/5) Lair:5
 Vaults (0/5) D:14        Ossuary (visited)         Gauntlet (visited)
    Orc: D:9-12      Depths: D:15

Altars:
Ashenzari
Cheibriados
Elyvilon
Fedhas
Gozag
Hepliaklqana
Kikubaaqudgha
Makhleb
Nemelex Xobeh
Okawaru
Qazlal
Ru
Sif Muna
Trog
Uskayaw
Vehumet
Wu Jian
Xom
Yredelemnul
Zin
The Shining One

Shops:
D:6 !   D:10 *   D:11 *   D:14 *(:

Portals:
Trove: D:13 (give +6 demon blade)

Annotations:
D:2 1 runed translucent door, Crazy Yiuf
D:6 exclusion: upstairs
D:8 exclusion: downstairs
D:12 exclusion: 2 downstairs
D:14 3 runed translucent doors, exclusions: downstairs and obsidian statue, aheadsounds's ghost, novice FeDe
Lair:1 exclusions: 2 downstairs and 1 more exclusion
Lair:2 exclusion: door
Lair:4 2 transporters, peterlawrence's ghost, journeyman MiFi


Innate Abilities, Weirdness & Mutations

You regain HP and MP as you explore.
You are partially covered in iridescent scales. (AC +2)
Your magical capacity is low. (-10% MP)
You expend magic power (3 MP) to strengthen your wands.


Message History

This branch contains the serpentine rune of Zot.
You feel sick.
The black mamba hisses angrily.
There is a staircase back to the Lair, spattered with blood here.
You feel sick. The salamander misses you.
The salamander hits you with a +0 trident!
You are engulfed in flames.
You resist.
You slash the salamander!
The salamander is lightly wounded.
You feel sick.
The salamander hits you but does no damage.
The black mamba bites you but does no damage.
The salamander hits you but does no damage.
A naga warrior comes into view. It is wielding a +0 long sword.
You feel sick. The black mamba bites you! You block the black mamba's attack.
The salamander hits you but does no damage.
The salamander hits you from afar with a +0 trident.
* * * LOW HITPOINT WARNING * * *
You are engulfed in flames.
You resist.
* * * LOW HITPOINT WARNING * * *
The black mamba bites you.
* * * LOW HITPOINT WARNING * * *
There is a staircase back to the Lair, spattered with blood here.
You feel sick.
You are no longer poisoned.
The black mamba bites you but does no damage.
You block the black mamba's attack. The salamander barely misses you.
The black mamba closely misses you.
The salamander hits you from afar with a +0 trident!
* * * LOW HITPOINT WARNING * * *
You are engulfed in flames.
You resist.
* * * LOW HITPOINT WARNING * * *
The black mamba bites you but does no damage.
You climb upwards.
Welcome back to the Lair of Beasts!
Level annotation: exclusion: door
There is a staircase to the Snake Pit, spattered with blood here.
You closely miss the black mamba. The black mamba bites you.
* * * LOW HITPOINT WARNING * * *
The black mamba bites you!
You die...

.....#.##.#.#.##.................
.................................
.....................P.#.........
..................#.....#......##
..#..........######.....#....###
....P.......###≈≈§##.........##
....#......##≈≈..≈≈##.........#
...P.......#.≈.SS÷≈≈#..)......#
...............)@.§≈###......##
....#..##.##.≈....≈≈#.........#
....#.########≈.≈§≈##........####
....### ##≈≈≈##.........#P.#
....# ######.............. ....#
#................#.P ....#
#.........PPP#....## ....##
##..............#.## .....#
#.....#...>.....#.#


You could see 2 black mambas.

Vanquished Creatures
  Frances (D:14)
  A minotaur (Gauntlet)
  A fire dragon (D:9)
  6 hydras
  A catoblepas (D:13)
  2 centaur warriors
  3 two-headed ogres
  2 boulder beetles (D:9)
  4 tengu warriors
  A shock serpent (Lair:2)
  2 skeletal warriors
  A skyshark (Lair:3)
  A soul eater (Gauntlet)
  4 mana vipers
  A lindwurm (Lair:4)
  A deep elf archer (D:14)
  5 deep elf pyromancers
  An orc knight (D:14)
  A deep elf zephyrmancer (D:14)
  6 ugly things
  8 cyclopes
  3 manticores
  Joseph (Lair:1)
  8 black mambas
  A salamander (Lair:2)
  3 elephants (Lair:4)
  4 centaur skeletons (D:14)
  A naga mage (Lair:2)
  4 cane toads
  Maggie (Lair:1)
  4 yaktaurs
  2 rime drakes (Lair:2)
  2 kobold demonologists
  2 gargoyles
  An unseen horror (D:13)
  2 tengu conjurers
  5 komodo dragons
  3 trolls
  A hornet (D:9)
  4 dream sheep
  4 slime creatures (D:13)
  A vampire (D:11)
  A shadow (D:6)
  45 yaks
  5 wraiths
  6 wyverns
  2 basilisks
  2 nagas (Snake:1)
  An acid dragon (D:6)
  A vampire mosquito (D:12)
  The ghost of spaghetti the Grave Robber, an amateur DENe (D:3)
  9 water moccasins
  4 ice beasts
  4 orc warriors
  3 laughing skulls
  A boggart (Gauntlet)
  5 black bears
  8 centaurs
  2 ogres
  3 phantoms
  A weeping skull (Ossuary)
  6 kobold brigands
  12 bullfrogs
  2 gnoll sergeants
  2 scorpions
  A burial acolyte (Ossuary)
  7 wights
  10 killer bees
  2 electric eels (Lair:2)
  4 bombardier beetles
  6 howler monkeys
  4 lava snakes (Lair:2)
  A crimson imp (D:6)
  A centaur zombie (Ossuary)
  2 jellies
  5 hounds
  5 orc priests
  A sleepcap (D:8)
  A gnoll bouda (D:10)
  Jessica (D:2)
  3 iguanas
  12 orc wizards
  4 mummies
  10 adders
  30 gnolls
  4 shadow imps (Gauntlet)
  3 white imps
  2 ufetubi (D:6)
  A dart slug (D:2)
  69 orcs
  6 endoplasms
  2 giant cockroaches (D:2)
  3 gnoll zombies (Ossuary)
  7 goblins
  6 hobgoblins
  15 jackals (D:4)
  3 quokkas
  7 ball pythons
  3 bats
  5 frilled lizards
  A goblin skeleton (D:6)
  2 goblin zombies (D:6)
  A hobgoblin zombie (D:6)
  6 kobolds
  2 kobold skeletons (D:6)
  A kobold zombie (Ossuary)
  6 orc zombies
  2 rats
  A butterfly (Lair:4)
504 creatures vanquished.

Vanquished Creatures (collateral kills)
  A hydra (D:9)
1 creature vanquished.

Vanquished Creatures (others)
  An orc wizard (D:14)
1 creature vanquished.

Grand Total: 506 creatures vanquished

Notes
Turn   | Place    | Note
-------+----------+-------------------------------------------
     0 | D:1      | ColdPorridge the Human Wanderer began the quest for the
                  | Orb.
     0 | D:1      | ColdPorridge set off with the following items: a +2
                  | falchion, a +0 spear, a +0 buckler, a potion of haste, a +0
                  | robe.
     0 | D:1      | Reached XP level 1. HP: 13/13 MP: 1/1
   215 | D:1      | Reached XP level 2. HP: 17/19 MP: 2/2
   726 | D:1      | Reached XP level 3. HP: 24/24 MP: 3/3
   959 | D:2      | Reached skill level 4 in Long Blades
   959 | D:2      | Reached XP level 4. HP: 21/30 MP: 4/4
  1021 | D:2      | Noticed Jessica
  1035 | D:2      | Killed Jessica
  1108 | D:2      | Found a runed translucent door.
  1109 | D:2      | Noticed Crazy Yiuf
  1175 | D:2      | Reached XP level 5. HP: 23/35 MP: 5/5
  1297 | D:3      | Noticed spaghetti's ghost (amateur DENe)
  1415 | D:3      | You fall into a shaft and drop 3 floors!
  1484 | D:6      | Noticed a shadow
  1491 | D:6      | Killed a shadow
  1492 | D:6      | Reached skill level 5 in Long Blades
  1492 | D:6      | Reached XP level 6. HP: 27/41 MP: 6/6
  1592 | D:5      | Entered Level 5 of the Dungeon
  1601 | D:5      | Noticed an ice beast
  1635 | D:5      | Killed an ice beast
  1636 | D:5      | Reached skill level 1 in Fighting
  1696 | D:5      | Reached XP level 7. HP: 25/50 MP: 7/7
  1798 | D:5      | Identified the +8 whip "Iggelu" {heavy, *Rage rF+ Dex+6}
  2057 | D:6      | Reached skill level 6 in Long Blades
  2208 | D:6      | Learned a level 1 spell: Summon Small Mammal
  2276 | D:6      | Found a glowing golden altar of the Shining One.
  2294 | D:6      | Reached skill level 1 in Summonings
  2310 | D:6      | Became a worshipper of the Shining One
  2393 | D:6      | Reached XP level 8. HP: 43/59 MP: 6/8
  2893 | D:6      | Reached skill level 7 in Long Blades
  3196 | D:4      | Reached skill level 1 in Evocations
  3408 | D:4      | Reached skill level 5 in Fighting
  3476 | D:4      | Gained mutation: Your magical capacity is low. (-10% MP)
                  | [potion of mutation]
  3476 | D:4      | Gained mutation: You are partially covered in iridescent
                  | scales. (AC +2) [potion of mutation]
  3476 | D:4      | Gained mutation: You expend magic power (3 MP) to
                  | strengthen your wands. [potion of mutation]
  3491 | D:4      | Reached XP level 9. HP: 68/68 MP: 4/8
  3514 | D:4      | Reached * piety under the Shining One
  4078 | D:3      | Found a runed translucent door.
  4111 | D:3      | Killed spaghetti's ghost
  4112 | D:3      | Reached skill level 8 in Long Blades
  4797 | D:4      | Found a staircase to the Ecumenical Temple.
  4805 | Temple   | Entered the Ecumenical Temple
  5249 | D:5      | Found an opulent altar of Gozag.
  5495 | D:5      | Found an iron altar of Okawaru.
  5623 | D:6      | Found Novuwoto's Distillery.
  5629 | D:6      | Bought a potion of curing for 36 gold pieces
  5629 | D:6      | Bought a potion of lignification for 36 gold pieces
  5629 | D:6      | Bought a potion of curing for 36 gold pieces
  5629 | D:6      | Bought a potion of lignification for 36 gold pieces
  5629 | D:6      | Bought a potion of curing for 36 gold pieces
  5629 | D:6      | Bought a potion of heal wounds for 60 gold pieces
  5766 | D:7      | Found a sand-covered staircase.
  5773 | Ossuary  | Entered an ossuary
  5851 | Ossuary  | Reached ** piety under the Shining One
  6591 | D:7      | Reached XP level 10. HP: 75/79 MP: 9/9
  6828 | D:7      | Reached skill level 5 in Dodging
  7115 | D:8      | Found a staircase to the Lair.
  7131 | Lair:1   | Entered Level 1 of the Lair of Beasts
  7155 | Lair:1   | Noticed Joseph
  7178 | Lair:1   | Killed Joseph
  7232 | Lair:1   | Reached *** piety under the Shining One
  7621 | Lair:1   | Noticed Maggie
  7628 | Lair:1   | Noticed a cane toad
  7630 | Lair:1   | Killed Maggie
  7631 | Lair:1   | Reached skill level 10 in Fighting
  7631 | Lair:1   | Reached XP level 11. HP: 90/90 MP: 0/10
  8088 | Lair:2   | Found a staircase to the Shoals.
  8126 | Lair:2   | Reached skill level 9 in Long Blades
  8277 | Lair:2   | Noticed a five-headed hydra
  8277 | Lair:2   | Noticed an eight-headed hydra
  8365 | D:8      | Reached skill level 10 in Long Blades
  8444 | D:8      | Reached **** piety under the Shining One
  8471 | D:8      | Noticed a tengu warrior
  8503 | D:8      | Killed a tengu warrior
  8504 | D:8      | Reached skill level 11 in Long Blades
  8524 | D:8      | Noticed a tengu warrior
  8533 | D:8      | Killed a tengu warrior
  8540 | D:8      | Noticed a tengu warrior
  8693 | Lair:2   | Killed a one-headed hydra
  8754 | Lair:2   | Killed a two-headed hydra
  8755 | Lair:2   | Reached skill level 5 in Evocations
  8755 | Lair:2   | Reached XP level 12. HP: 38/97 MP: 9/11
  9177 | Lair:2   | Reached skill level 12 in Long Blades
  9262 | Lair:2   | Found a staircase to the Snake Pit.
  9602 | Lair:3   | You fall into a shaft and drop 2 floors!
  9602 | Lair:5   | Entered Level 5 of the Lair of Beasts
  9633 | Lair:4   | Noticed a five-headed hydra
  9659 | Lair:4   | Killed a one-headed hydra
  9774 | Lair:4   | Found a gate leading to a gauntlet.
  9792 | Gauntlet | Entered a Gauntlet
  9792 | Gauntlet | Found a transporter.
  9792 | Gauntlet | Found a transporter.
  9793 | Gauntlet | Noticed a soul eater
  9794 | Gauntlet | Found a transporter.
  9819 | Gauntlet | Found a transporter.
  9840 | Gauntlet | Killed a soul eater
  9852 | Gauntlet | Found a transporter.
  9858 | Gauntlet | Noticed a death scarab
  9859 | Gauntlet | Found a transporter.
  9880 | Gauntlet | Found a transporter.
  9881 | Gauntlet | Found a transporter.
  9884 | Gauntlet | Found a transporter.
  9885 | Gauntlet | Noticed a reaper
  9887 | Gauntlet | Noticed a soul eater
  9891 | Gauntlet | Noticed a death yak
  9891 | Gauntlet | Noticed a death yak
  9892 | Gauntlet | Found a transporter.
  9892 | Gauntlet | Noticed a death yak
  9893 | Gauntlet | Noticed a death yak
  9900 | Gauntlet | Found a transporter.
  9909 | Gauntlet | Found a transporter.
  9979 | Gauntlet | Noticed a minotaur
  9994 | Gauntlet | Killed a minotaur
 10068 | Lair:4   | Found a transporter.
 10070 | Lair:4   | Noticed a catoblepas
 10122 | Lair:4   | Noticed peterlawrence's ghost (journeyman MiFi)
 10123 | Lair:4   | Noticed a death yak
 10139 | Lair:4   | Found a transporter.
 10374 | Lair:3   | Reached skill level 5 in Invocations
 10589 | Lair:3   | Noticed a skyshark
 10602 | Lair:3   | Killed a skyshark
 10603 | Lair:3   | Reached skill level 5 in Armour
 10603 | Lair:3   | Reached XP level 13. HP: 64/103 MP: 15/15
 11532 | D:9      | Found a glowing silver altar of Zin.
 11644 | D:9      | Noticed a fire dragon
 11650 | D:9      | Killed a fire dragon
 12142 | D:9      | Reached ***** piety under the Shining One
 12341 | D:9      | Identified the staff of Causality {rElec rF+ Int+2 Stlth+
                  | Hexes Fire}
 12413 | D:10     | Entered Level 10 of the Dungeon
 12808 | D:10     | Learned a level 3 spell: Frozen Ramparts
 12917 | D:10     | Found Yjexty's General Store.
 12930 | D:10     | Bought a potion of cancellation for 120 gold pieces
 12930 | D:10     | Bought a scroll of teleportation for 45 gold pieces
 13379 | D:11     | Identified the +6 whip of Defiance {chaos, rCorr Str+4}
 13440 | D:11     | Reached skill level 1 in Ice Magic
 13442 | D:11     | Reached skill level 13 in Long Blades
 13615 | D:11     | Found Nukheati's Assorted Antiques.
 13636 | D:11     | Bought a masterwork cloak for 228 gold pieces
 13636 | D:11     | Identified the +2 cloak "Qikukh" {rF+} (You bought it in a
                  | shop on level 11 of the Dungeon)
 14028 | D:11     | Reached skill level 10 in Armour
 14837 | D:13     | Reached XP level 14. HP: 71/110 MP: 15/15
 14974 | D:12     | Reached skill level 14 in Long Blades
 15230 | D:13     | Found a portal to a secret trove of treasure.
 15322 | D:13     | Identified the amulet "Yxeox" {RegenMP rPois Str+2 Stlth+}
 15711 | D:14     | Found Fenuf's Book Boutique.
 15793 | D:14     | Noticed Frances
 15987 | D:14     | Reached skill level 5 in Ice Magic
 16238 | D:14     | Found a gate to the Vaults.
 16635 | D:14     | Killed Frances
 16688 | D:14     | Found a runed translucent gate.
 16688 | D:14     | Found a runed translucent gate.
 16688 | D:14     | Found a runed translucent gate.
 16690 | D:14     | Found an opulent altar of Gozag.
 16690 | D:14     | Noticed a frost giant
 16692 | D:14     | Noticed aheadsounds's ghost (novice FeDe)
 16697 | D:14     | Found Puos Nue's Assorted Antiques.
 16949 | D:14     | Found Qaahaw's Antique Weapon Emporium.
 16982 | D:15     | Entered Level 15 of the Dungeon
 16990 | D:15     | Reached ****** piety under the Shining One
 17123 | D:15     | Found an iron altar of Okawaru.
 17145 | D:15     | Reached skill level 10 in Dodging
 17887 | D:9      | Found a broken altar of Ashenzari.
 17888 | D:9      | Found a hazy altar of Hepliaklqana.
 18357 | Snake:1  | Entered Level 1 of the Snake Pit
 18421 | Lair:2   | Reached skill level 5 in Shields
 18915 | Lair:2   | Slain by a black mamba

Illustrated notes

Levels and vault maps discovered:
D:1:      dpeg_arrival_simpleton_b, layout_basic
D:2:      layout_rooms, minivault_19, hangedman_decor_points, minmay_surrounded,
          uniq_crazy_yiuf_cottage, uniq_jessica
D:3:      layout_basic, gammafunk_ghost_grave
D:4:      lemuel_castle_with_subvaults [lemuel_castle_interior_carwin_3],
          layout_basic, minmay_temple_entry_enclosed_plants,
          hangedman_decor_growths
D:5:      layout_basic, hellmonk_okawaru_the_only_friend_you_need,
          mainiacjoe_overflow_swirl, minmay_misc_feat_tower
D:6:      layout_loops_ring, nicolae_tso_besieged_by_evil, serial_shops, shop,
          nrook_uturn
D:7:      layout_loops_ring, nicolae_ossuary_entry_giza
D:8:      minmay_chambers_of_sevens, layout_rooms, lair_entry_dummy,
          minmay_misc_feat_iff
D:9:      minmay_the_grid_octo_2x2 [minmay_the_grid_octo_odd_swirl,
          minmay_the_grid_octo_chip, minmay_the_grid_octo_focus,
          minmay_the_grid_octo_prize_square_snowflake], layout_small_grid,
          nicolae_overflow_squiral, amcnicky_altar_gilded
D:10:     layout_loops_ring, serial_shops, nicolae_stop_n_shop_1
D:11:     layout_roguey, hiddenorc1_lemuel, serial_aquarium,
          aquarium_bridge_square [aquarium_subvault_bridge,
          aquarium_subvault_bridge, aquarium_subvault_window,
          aquarium_subvault_balcony], aquarium_bridge_square
          [aquarium_subvault_bridge, aquarium_subvault_bridge,
          aquarium_subvault_wall, aquarium_subvault_bridge], aquarium_window_1,
          aquarium_window_1, aquarium_window_2, aquarium_window_1,
          aquarium_view_2c, aquarium_view_2c, aquarium_pool_2, serial_shops,
          nicolae_shop_overgrown_old_shop
D:12:     layout_cave_pools, serial_column_ruins, column_ruins_square_small,
          column_ruins_hut, column_ruins_corridor_corner, column_ruins_grid_1,
          column_ruins_columns_corner, column_ruins_columns_straight,
          column_ruins_columns_water, column_ruins_corridor_corner
D:13:     layout_small_grid, enter_trove_2
D:14:     layout_stronghold, hangedman_vaults_entry_quadrant_bands,
          serial_shops, nicolae_shop_stone, shop, ebering_ghost_gozag,
          minmay_misc_feat_enclosed, uniq_frances
D:15:     hellmonk_depths_entry_around_the_bend, layout_cave_pods,
          old_standard_altar, uniq_kirke
Temple:   regret_index_temple_waves
Lair:1:   layout_chaotic_city, uniq_joseph, uniq_maggie
Lair:2:   layout_chaotic_city, minmay_shoals_entry_hut,
          nicolae_snake_entry_warm_welcome, grunt_forest_small_clearing_treed,
          grunt_megastairs_3
Lair:3:   layout_gridlike
Lair:4:   layout_loops_ring, nzn_ghost_randoct, gauntlet_entry_generic,
          lemuel_fruit_fields
Lair:5:   gammafunk_lair_ancient_temple, layout_long_grid, slime_entry_1,
          ebering_ghost_rock_garden
Snake:1:  layout_onion_interference, drop_trap

Skill      XL: |  1  2  3  4  5  6  7  8  9 10 11 12 13 14 |
---------------+-------------------------------------------+-----
Shields        | 2 3 4 5 |  5.8
Long Blades    | 4 5 6 7 8 11 12 13 14 | 14.2
Fighting       | 2 3 5 7 10 | 10.1
Summonings     | 2 4 |  4.0
Evocations     | 2 3 5 7 |  7.0
Dodging        | 4 8 10 | 10.4
Armour         | 5 10 | 10.1
Invocations    | 5 8 |  8.5
Ice Magic      | 3 5 |  5.5
Polearms       | |  1.0
Stealth        | |  1.0

Action                     |  1- 3 |  4- 6 |  7- 9 | 10-12 | 13-15 || total
---------------------------+-------+-------+-------+-------+-------++-------
  Melee: Falchion          |    61 |    61 |   507 |   161 |       ||   790
         Long sword        |       |       |       |   413 |   878 ||  1291
         Scimitar          |       |       |       |    12 |    34 ||    46
  Throw: Dart              |     5 |     2 |       |       |     3 ||    10
         Stone             |     1 |       |     3 |       |       ||     4
   Cast: Summon Small Mamm |       |       |       |     3 |       ||     3
 Invoke: Cleansing Flame   |       |       |       |     2 |     2 ||     4
         Summon Divine War |       |       |       |       |     1 ||     1
  Evoke: Wand              |       |       |     4 |    22 |    31 ||    57
         Sack of spiders   |       |       |       |       |     2 ||     2
         Phial of floods   |       |       |       |       |     1 ||     1
         Phantom mirror    |       |       |       |       |     1 ||     1
    Use: Potion            |     1 |     4 |     5 |     6 |     3 ||    19
         Scroll            |     2 |     5 |     9 |    10 |     7 ||    33
   Stab: Sleeping          |     3 |     1 |       |       |       ||     4
 Armour: Robe              |    33 |    19 |       |       |       ||    52
         Ring mail         |       |    12 |    45 |       |       ||    57
         Acid dragon scale |       |       |   228 |   341 |    72 ||   641
         Skin              |       |       |       |     1 |       ||     1
         Fire dragon scale |       |       |       |       |   617 ||   617
  Dodge: Dodged            |    46 |    35 |   209 |   402 |   617 ||  1309
  Block: Buckler           |    16 |    11 |   140 |   154 |   268 ||   589
